[ AOE2 MATCH · #505163900 ]
UnrankedMapuche vs Muisca
Player's team · LOSS
Rival team · WIN
[ REPLAY ANALYSIS · EXTRACTED FROM THE RECORDED GAME ]
Feudal
8:54
Castle
—
Imperial
—
| APM avg | 57.5 |
| APM peak | 89 |
| eAPM avg | 22.6 |
| Villagers / military | 37 / 11 |
Focus
⚔️ 39.1% · 🌾 60.9%
Skirmisher ×11 · Unknown (2550) ×9
Feudal
13:37
Castle
—
Imperial
—
| APM avg | 41.8 |
| APM peak | 84 |
| eAPM avg | 26.1 |
| Villagers / military | 47 / 0 |
Focus
⚔️ 54.0% · 🌾 46.0%
Unknown (2550) ×27
Match map
Initial resources + every placement click. Lines = walls · curves = elevation contours. ◆ gold · ⬟ stone · ● berries · ✦ relic · ◌ wall gap
Your base· Open — unwalled flank
Predestined Jean Calvin's base· Open — unwalled flank
Smoothed initial terrain · ◌ = detected wall gap · hover for details
Inputs per minute
— DS_Nexus - - Predestined Jean Calvin
Build order — DS_Nexus
102 actions detected in the replay
| 0:01 | Queue | Villager (Male) ×4 |
| 0:03 | Build | House |
| 0:05 | Build | House |
| 1:39 | Queue | Villager (Male) |
| 2:01 | Queue | Villager (Male) |
| 2:31 | Queue | Villager (Male) |
| 2:43 | Build | Settlement |
| 2:56 | Queue | Villager (Male) |
| 3:12 | Queue | Villager (Male) |
| 3:45 | Queue | Villager (Male) |
| 3:52 | Queue | Villager (Male) ×2 |
| 4:58 | Queue | Villager (Male) |
| 5:01 | Queue | Villager (Male) |
| 5:37 | Queue | Villager (Male) |
| 6:08 | Build | Barracks |
| 6:14 | Build | Palisade Wall |
| 6:15 | Build | Palisade Wall |
| 6:15 | Build | Palisade Wall |
| 6:17 | Research | Loom |
| 6:44 | Research | Feudal Age |
| 6:59 | Build | Palisade Gate |
| 7:21 | Queue | Unit 2550 |
| 7:35 | Build | Settlement |
| 8:01 | Queue | Unit 2550 |
| 8:37 | Build | Palisade Wall |
| 8:37 | Build | Palisade Wall |
| 8:45 | Queue | Unit 2550 |
| 8:54 | Age | Feudal Age |
| 9:02 | Queue | Skirmisher |
| 9:02 | Queue | Skirmisher |
| 9:03 | Queue | Villager (Male) |
| 9:07 | Research | Double-Bit Axe |
| 9:28 | Research | Tech 1402 |
| 9:28 | Research | Tech 1402 |
| 9:29 | Queue | Villager (Male) |
| 9:39 | Queue | Skirmisher |
| 9:40 | Queue | Skirmisher |
| 9:49 | Queue | Villager (Male) |
| 9:55 | Build | Farm |
| 9:57 | Build | House |
| 10:00 | Research | Town Watch |
| 10:00 | Research | Town Watch |
| 10:04 | Queue | Skirmisher |
| 10:27 | Build | Farm |
| 10:27 | Queue | Villager (Male) |
| 10:30 | Queue | Unit 2550 |
| 10:49 | Queue | Villager (Male) |
| 10:53 | Queue | Villager (Male) |
| 11:28 | Queue | Unit 2550 |
| 11:30 | Queue | Skirmisher |
| 11:36 | Build | House |
| 11:39 | Build | Palisade Wall |
| 12:00 | Build | Palisade Wall |
| 12:01 | Build | Palisade Wall |
| 12:03 | Queue | Villager (Male) |
| 12:03 | Queue | Villager (Male) |
| 12:09 | Build | Farm |
| 12:19 | Queue | Skirmisher |
| 12:39 | Build | Farm |
| 12:53 | Queue | Villager (Male) |
| 13:03 | Build | Farm |
| 13:17 | Queue | Villager (Male) |
| 13:21 | Build | Farm |
| 13:31 | Build | House |
| 13:33 | Build | Palisade Wall |
| 13:35 | Build | Farm |
| 13:41 | Build | House |
| 13:46 | Build | House |
| 13:47 | Queue | Villager (Male) |
| 14:10 | Build | Palisade Wall |
| 14:12 | Queue | Villager (Male) |
| 14:18 | Build | Farm |
| 14:32 | Build | Farm |
| 14:39 | Queue | Villager (Male) |
| 14:45 | Build | Palisade Gate |
| 14:58 | Queue | Villager (Male) |
| 14:59 | Build | House |
| 15:00 | Build | Palisade Wall |
| 15:17 | Queue | Villager (Male) |
| 15:27 | Queue | Unit 2550 |
| 15:43 | Queue | Unit 2550 |
| 15:45 | Build | Barracks |
| 15:57 | Queue | Villager (Male) |
| 15:58 | Queue | Skirmisher |
| 16:07 | Build | Palisade Wall |
| 16:18 | Queue | Unit 2550 |
| 16:21 | Build | Farm |
| 16:23 | Queue | Villager (Male) |
| 16:30 | Queue | Skirmisher |
| 16:48 | Queue | Villager (Male) |
| 16:58 | Build | Farm |
| 17:01 | Build | Farm |
| 17:03 | Queue | Unit 2550 |
| 17:07 | Queue | Villager (Male) |
| 17:18 | Queue | Skirmisher |
| 17:26 | Build | Farm |
| 17:28 | Build | Farm |
| 17:31 | Queue | Villager (Male) |
| 17:43 | Build | House |
| 17:57 | Queue | Villager (Male) |
| 18:10 | Queue | Skirmisher |
| 18:16 | Queue | Villager (Male) |
Build order — Predestined Jean Calvin
116 actions detected in the replay
| 0:01 | Queue | Villager (Male) |
| 0:02 | Queue | Villager (Male) |
| 0:02 | Queue | Villager (Male) |
| 0:02 | Queue | Villager (Male) |
| 0:03 | Build | House |
| 0:05 | Build | House |
| 1:25 | Queue | Villager (Male) |
| 1:48 | Queue | Villager (Male) |
| 1:48 | Queue | Villager (Male) |
| 2:04 | Queue | Villager (Male) |
| 2:38 | Queue | Villager (Male) |
| 2:53 | Build | Barracks |
| 3:08 | Queue | Villager (Male) |
| 3:08 | Queue | Villager (Male) |
| 3:14 | Build | House |
| 3:25 | Queue | Villager (Male) |
| 3:25 | Queue | Villager (Male) |
| 3:51 | Queue | Unit 2550 |
| 3:51 | Queue | Unit 2550 |
| 4:01 | Queue | Villager (Male) |
| 4:14 | Queue | Unit 2550 |
| 4:27 | Queue | Villager (Male) |
| 4:52 | Queue | Villager (Male) |
| 5:07 | Build | House |
| 5:09 | Queue | Villager (Male) |
| 5:09 | Queue | Villager (Male) |
| 5:15 | Queue | Villager (Male) |
| 5:35 | Queue | Villager (Male) |
| 5:44 | Queue | Unit 2550 |
| 6:00 | Build | House |
| 6:07 | Queue | Villager (Male) |
| 6:07 | Queue | Villager (Male) |
| 6:19 | Queue | Unit 2550 |
| 6:40 | Queue | Villager (Male) |
| 6:46 | Build | Settlement |
| 6:55 | Queue | Unit 2550 |
| 7:26 | Build | Farm |
| 7:26 | Queue | Villager (Male) |
| 7:41 | Queue | Villager (Male) |
| 7:41 | Queue | Villager (Male) |
| 7:47 | Queue | Unit 2550 |
| 7:47 | Queue | Unit 2550 |
| 8:07 | Queue | Villager (Male) |
| 8:24 | Queue | Villager (Male) |
| 8:25 | Build | Farm |
| 8:39 | Queue | Unit 2550 |
| 8:49 | Build | House |
| 9:00 | Queue | Villager (Male) |
| 9:23 | Build | Farm |
| 9:30 | Research | Loom |
| 9:49 | Queue | Villager (Male) |
| 9:55 | Build | Farm |
| 10:30 | Queue | Unit 2550 |
| 10:31 | Queue | Villager (Male) |
| 10:33 | Build | Farm |
| 10:34 | Build | Farm |
| 10:55 | Queue | Villager (Male) |
| 10:56 | Build | Farm |
| 11:27 | Research | Feudal Age |
| 11:43 | Build | House |
| 11:48 | Queue | Unit 2550 |
| 11:48 | Queue | Unit 2550 |
| 12:01 | Queue | Unit 2550 |
| 12:25 | Queue | Unit 2550 |
| 12:38 | Build | Barracks |
| 12:53 | Queue | Unit 2550 |
| 13:21 | Build | Farm |
| 13:32 | Queue | Unit 2550 |
| 13:37 | Age | Feudal Age |
| 13:39 | Research | Tech 1402 |
| 13:40 | Research | Double-Bit Axe |
| 13:41 | Queue | Villager (Male) |
| 13:45 | Queue | Unit 2550 |
| 13:46 | Queue | Villager (Male) |
| 13:52 | Build | Farm |
| 14:03 | Build | Farm |
| 14:19 | Queue | Unit 2550 |
| 14:20 | Queue | Villager (Male) |
| 14:25 | Build | Farm |
| 14:35 | Queue | Unit 2550 |
| 14:35 | Queue | Unit 2550 |
| 14:41 | Research | Horse Collar |
| 14:43 | Queue | Villager (Male) |
| 14:55 | Build | Farm |
| 14:59 | Queue | Unit 2550 |
| 15:06 | Build | Farm |
| 15:13 | Queue | Unit 2550 |
| 15:13 | Queue | Unit 2550 |
| 15:19 | Queue | Villager (Male) |
| 15:19 | Queue | Villager (Male) |
| 15:30 | Build | Farm |
| 15:42 | Build | Farm |
| 16:01 | Queue | Villager (Male) |
| 16:08 | Build | Blacksmith |
| 16:12 | Build | House |
| 16:18 | Queue | Villager (Male) |
| 16:24 | Build | Farm |
| 16:24 | Build | Farm |
| 16:38 | Queue | Villager (Male) |
| 16:52 | Research | Scale Mail Armor |
| 16:59 | Queue | Unit 2550 |
| 16:59 | Queue | Unit 2550 |
| 17:03 | Queue | Villager (Male) |
| 17:06 | Build | Farm |
| 17:07 | Build | Farm |
| 17:19 | Queue | Villager (Male) |
| 17:20 | Build | Farm |
| 17:34 | Queue | Villager (Male) |
| 17:36 | Build | Farm |
| 17:53 | Queue | Unit 2550 |
| 17:53 | Queue | Unit 2550 |
| 18:00 | Queue | Villager (Male) |
| 18:05 | Build | Farm |
| 18:07 | Queue | Villager (Male) |
| 18:09 | Build | House |
| 18:25 | Queue | Villager (Male) |
Match timeline
| 2:53 | Predestined Jean Calvin · first_building Barracks |
| 6:08 | DS_Nexus · first_building Barracks |
| 6:14 | DS_Nexus · wall_segment Palisade Wall x1 |
| 6:15 | DS_Nexus · wall_segment Palisade Wall x1 |
| 6:15 | DS_Nexus · wall_segment Palisade Wall x1 |
| 8:37 | DS_Nexus · wall_segment Palisade Wall x1 |
| 8:37 | DS_Nexus · wall_segment Palisade Wall x1 |
| 8:54 | DS_Nexus · age_up feudal |
| 11:39 | DS_Nexus · wall_segment Palisade Wall x1 |
| 12:00 | DS_Nexus · wall_segment Palisade Wall x1 |
| 12:01 | DS_Nexus · wall_segment Palisade Wall x2 |
| 13:33 | DS_Nexus · wall_segment Palisade Wall x1 |
| 13:37 | Predestined Jean Calvin · age_up feudal |
| 14:10 | DS_Nexus · wall_segment Palisade Wall x9 |
| 15:00 | DS_Nexus · wall_segment Palisade Wall x11 |
| 16:07 | DS_Nexus · wall_segment Palisade Wall x1 |
| 18:34 | DS_Nexus · resign |
[ AI ANALYSIS · 1 CREDIT ]
What really happened in this match?
Wolo.gg analyzes every decision: build order, eco, micro, common mistakes by bracket. Personalized analysis on WhatsApp or Discord in 30 seconds.
Civ guide
Mapuche
Perfil
Jugador #3133802